AoeStats
← Chiripa605

African Clearing

505211204Analyzed
4v4 RM · 24d ago on Sep 8, 2026· 47m 24s· 8 players
Game mode
Random Map
Map size
Large (8 player)
Population
200
Speed
Normal
Resources
Standard
Victory
Conquest
Starting age
Dark Age
Ending age
Imperial Age
RankedLock teamsTeams togetherTeam positionsShared explorationLock speedFull tech treeHidden civsTurbo modeCheats
Victory
Defeat
🇹🇼 Vietnamese · Taiwan
1237
+14
🇨🇳 Huns · China
1202
+16
🇨🇳 Koreans · China
1192
+16
🇬🇧 Saracens · United Kingdom
1183
+17
🇬🇧 Magyars · United Kingdom
1255
-18
🇺🇸 Inca · United States
1220
-17
🇨🇳 Mongols · China
1160
-14
🇨🇳 Vietnamese · China
1159
-14
The Biavian
6:29 Loom
12:45 Feudal Age
17:36 Castle Age
18:58 Double-Bit Axe
23:51 Fletching
28:42 Scale Barding Armor
36:13 Bloodlines
37:04 Husbandry
37:16 Forging
38:04 Bow Saw
37:36 Horse Collar
38:30 Chain Barding Armor
38:46 Iron Casting
42:28 Imperial Age
40:09 Light Cavalry
44:28 Conscription
46:00 Plate Barding Armor
46:38 Counterweights
48:53 Blast Furnace
47:20 Elite Mameluke
tugou
6:04 Loom
15:05 Feudal Age
20:16 Castle Age
18:52 Double-Bit Axe
19:46 Fishing Lines
21:22 Gillnets
21:53 Bow Saw
21:53 Gold Mining
23:06 Wheelbarrow
25:00 Fletching
25:54 Stone Mining
26:55 Hand Cart
27:10 Bodkin Arrow
27:43 Horse Collar
34:47 Imperial Age
35:19 Ballistics
36:05 Conscription
36:21 Bracer
36:25 Elite War Wagon
40:10 Shinkichon
41:02 Gold Shaft Mining
40:23 Heavy Rocket Cart
44:49 Siege Engineers
45:46 Chemistry
44:57 Masonry
45:20 Husbandry
崽仔
3:55 Loom
12:51 Feudal Age
13:24 Double-Bit Axe
16:43 Scale Barding Armor
17:39 Man-at-Arms
18:36 Forging
20:16 Arson
22:04 Scale Mail Armor
22:01 Horse Collar
28:23 Castle Age
27:22 Fletching
李天尊
10:41 Loom
11:20 Loom
13:05 Feudal Age
17:48 Castle Age
15:53 Double-Bit Axe
18:08 Fletching
18:53 Bodkin Arrow
19:40 Bow Saw
28:04 Horse Collar
29:41 Wheelbarrow
30:05 Bloodlines
30:18 Padded Archer Armor
31:36 Husbandry
34:27 Leather Archer Armor
34:21 Gold Mining
36:53 Thumb Ring
37:21 Ballistics
37:59 Hand Cart
37:53 Heavy Plow
43:20 Imperial Age
40:35 Town Watch
45:01 Chemistry
44:02 Bracer
43:27 Heavy Cavalry Archer
44:45 Town Patrol
45:54 Ring Archer Armor
Chiripa605
3:07 Loom
14:17 Feudal Age
14:44 Town Watch
14:53 Double-Bit Axe
18:21 Castle Age
16:43 Champi Runner
17:55 Scale Mail Armor
20:19 Squires
20:54 Champi Warrior
23:45 Chain Mail Armor
25:51 Horse Collar
26:51 Arson
30:24 Bow Saw
31:52 Wheelbarrow
32:34 Forging
35:10 Iron Casting
35:12 Gold Mining
41:19 Imperial Age
42:44 Plate Mail Armor
42:07 Elite Kamayuk
45:02 Fabric Shields
45:54 Conscription
Oliver
3:40 Loom
12:16 Feudal Age
12:55 Double-Bit Axe
15:55 Man-at-Arms
16:21 Arson
19:34 Scale Mail Armor
22:04 Town Watch
26:51 Castle Age
27:19 Long Swordsman
37:20 Horse Collar
42:34 Scale Barding Armor
43:17 Bloodlines
43:07 Husbandry
45:06 Wheelbarrow
46:01 Husbandry
46:24 Chain Barding Armor
46:37 Gold Mining
惊鸿
3:28 Loom
13:18 Feudal Age
15:32 Double-Bit Axe
16:03 Double-Bit Axe
19:12 Castle Age
17:39 Horse Collar
19:58 Fletching
21:01 Bow Saw
22:56 Bodkin Arrow
24:31 Padded Archer Armor
25:38 Gold Mining
29:35 Leather Archer Armor
30:16 Ballistics
31:17 Gold Shaft Mining
35:19 Wheelbarrow
38:58 Imperial Age
37:54 Stone Mining
40:02 Bracer
44:52 Chemistry
43:59 Thumb Ring
等雨停
8:49 Loom
16:14 Feudal Age
20:09 Castle Age
18:24 Fletching
18:26 Horse Collar
20:38 Double-Bit Axe
24:17 Bodkin Arrow
24:23 Padded Archer Armor
25:27 Padded Archer Armor
29:46 Wheelbarrow
30:23 Bow Saw
30:15 Heavy Plow
31:16 Hand Cart
30:55 Gold Mining
34:01 Ballistics
35:00 Leather Archer Armor
36:55 Stone Mining
38:35 Stone Shaft Mining
41:21 Imperial Age
39:41 Bloodlines
39:32 Husbandry
42:06 Bracer
Connection lost

Rejoining the realm…

Still unreachable

The connection could not be restored.

Session expired

The server has moved on; the page needs a fresh start.